 Dungeon Crawl Stone Soup version 0.29.1-12-g30fa7ad0bf (webtiles) character file.

Game seed: 7045924491988275560

2924 CaptainMV the Cleaver (level 9, -11/68 HPs)
             Began as a Demonspawn Gladiator on Dec 21, 2022.
             Was an Initiate of Wu Jian.
             Mangled by an ogre
             ... wielding a +1 antimagic dire flail
              (19 damage)
             ... on level 8 of the Dungeon.
             The game lasted 00:50:26 (4481 turns).

CaptainMV the Cleaver (Demonspawn Gladiator)        Turns: 4481, Time: 00:50:27

Health: -11/68     AC: 25    Str: 18    XL:     9   Next: 50%
Magic:  0/9        EV:  7    Int: 10    God:    Wu Jian [......]
Gold:   339        SH:  0    Dex: 21    Spells: 8/8 levels left

rFire   . . .      SeeInvis .   a - +0 war axe
rCold   . . .      Faith    .   (no shield)
rNeg    . . .      Spirit   .   E - +0 plate armour
rPois   .          Reflect  .   c - +0 helmet
rElec   .          Harm     .   I - scarf {repulsion}
rCorr   .          Rampage  .   (no gloves)
Will    .....                   (no boots)
Stlth   ..........              (no amulet)
HPRegen 0.21/turn               g - +6 ring of dexterity
MPRegen 0.11/turn               (no ring)

@: sanguine armoured, invisible, repel missiles
A: demonic guardian 1, spiny 1, sanguine armour 3, demonic touch 1
a: Renounce Religion


You were on level 8 of the Dungeon.
You worshipped Wu Jian.
Wu Jian was noncommittal.
You visited 2 branches of the dungeon, and saw 9 of its levels.

You collected 339 gold pieces.

Inventory:

Hand Weapons
 a - a +0 war axe (weapon)
 b - a +2 dagger of flaming
 i - a +0 dagger of freezing
 w - a +0 scythe
 H - a +0 shortbow
 K - a +2 quarterstaff of chaos
Missiles
 d - 5 throwing nets
 e - a javelin
 f - 23 poisoned darts (quivered)
 D - 4 boomerangs
Armour
 c - a +0 helmet (worn)
 l - a +0 leather armour
 s - a +0 scale mail
 E - a +0 plate armour (worn)
 I - a scarf of repulsion (worn)
Jewellery
 g - a +6 ring of dexterity (left hand)
Wands
 A - a wand of quicksilver (6)
Scrolls
 h - 2 scrolls of magic mapping
 j - 2 scrolls of fear
 k - a scroll of summoning
 m - 2 scrolls of blinking
 p - 2 scrolls of enchant weapon
 u - 3 scrolls of silence
 x - a scroll of acquirement {unknown}
 y - 2 scrolls of teleportation
 z - a scroll of vulnerability {unknown}
 B - 2 scrolls of immolation {unknown}
 F - 2 scrolls of noise {unknown}
 L - a scroll of poison {unknown}
Potions
 o - 3 potions of flight {unknown}
 q - 4 potions of berserk rage {unknown}
 r - 2 potions of cancellation {unknown}
 t - a potion of degeneration {unknown}
 v - 3 potions of heal wounds {unknown}
 C - a potion of ambrosia {unknown}
 G - 2 potions of magic {unknown}
 J - a potion of brilliance {unknown}


   Skills:
 + Level 5.5 Fighting
 + Level 9.6 Axes
 + Level 2.5 Throwing
 + Level 4.6 Armour
 + Level 3.9 Dodging
 + Level 1.9 Stealth


You had 8 spell levels left.
You didn't know any spells.
Your spell library contained the following spells:

 Spells                   Type           Power      Damage    Failure   Level
 Freeze                   Ice            0%         1d3       100%        1
 Sublimation of Blood     Necr           0%         N/A       100%        2
 Frozen Ramparts          Ice            0%         1d1       100%        3
 Hailstorm                Conj/Ice       0%         3d3       100%        4
 Petrify                  Tmut/Erth      0%         N/A       100%        4
 Blade Hands              Tmut           0%         N/A       100%        5
 Irradiate                Conj/Tmut      0%         3d11      100%        5
 Dragon Form              Tmut           0%         N/A       100%        7


Dungeon Overview and Level Annotations

Branches:
Dungeon (8/15)             Temple (1/1) D:7
   Lair: D:8-11

Altars:
Ashenzari
Cheibriados
Dithmenos
Gozag
Hepliaklqana
Kikubaaqudgha
Makhleb
Nemelex Xobeh
Okawaru
Qazlal
Ru
Sif Muna
Trog
Uskayaw
Vehumet
Wu Jian
Xom
Yredelemnul

Annotations:
D:8 1 transporter, opiumtea's ghost, journeyman GrEE


Innate Abilities, Weirdness & Mutations

A weak demonic guardian rushes to your aid.
You are partially covered in sharp spines.
When seriously injured, your blood forms very thick armour. (AC +12)
Your touch may inflict minor irresistible damage on your foes.


Message History

a +0 giant club; an ogre corpse Your blood armour dries and flakes away.
You see here a poisoned dart.
You see here a poisoned dart.
f - 24 poisoned darts (gained 2) Throw: 24 darts (poison)
Press: ? - help, Q - select action, (/) - cycle Shift-Dir - straight line, f - gnoll sergeant
Aim: a gnoll sergeant, wielding a +4 vorpal spear, wearing a +0 scale mail and wearing a +0 buckler (72% to hit)
You throw a poisoned dart.
The poisoned dart barely misses the gnoll sergeant.
You hear a sizzling splash.
You lunge at the gnoll sergeant.
You hit the gnoll sergeant.
You touch the gnoll sergeant!
The gnoll sergeant is moderately wounded.
The gnoll sergeant hits you but does no damage.
The moth of wrath goads the ogre on!
The ogre goes berserk!
You hit the ogre.
You touch the ogre!
The ogre is moderately wounded.
The gnoll sergeant blocks your attack. The ogre is struck by your spines.
The ogre hits you with a +1 antimagic dire flail!!
* * * LOW HITPOINT WARNING * * *
Your blood congeals into armour.
You feel your power leaking away.
The gnoll sergeant hits you with a +4 vorpal spear!
* * * LOW HITPOINT WARNING * * *
A demonic guardian appears!
* * * LOW HITPOINT WARNING * * *
Opiumtea's ghost screams, "They lied to you.
The Dungeon just goes down and down forever."
The moth of wrath bites your shadow imp.
You fade into invisibility!
The ogre barely misses you. The gnoll sergeant barely misses you.
The moth of wrath bites your shadow imp.
Opiumtea's ghost dodges and says, "Too slow!"
Your shadow imp misses the moth of wrath.
You catch the helpless ogre completely off-guard!
You hit the ogre.
The ogre is heavily wounded.
You closely miss the gnoll sergeant. The ogre is struck by your spines.
The ogre hits you with a +1 antimagic dire flail!!
You die...

#..........©....###...#.
#........#####....#.....
#......###.O.###....###.
#..<..##......###.......
#.....##....### #.......
#....##.##.O#§####......
#....#y.#≈?($##..#......
###..#5###._.....#......
#..#.@gW...#...#......
#..##.O...≈#..##......
#...#..(.###..#.......
##..##..)...###.......
#...###.©.###........
##....#####....######
#...(..©....###
#####.....### #######


You could see a moth of wrath (unable to see you, ally target), an ogre
(berserk, unable to see you), a gnoll sergeant (unable to see you), opiumtea's
ghost and a friendly shadow imp (summoned).

Vanquished Creatures
  Grinder (D:6)
  Sigmund (D:3)
  A steam dragon (D:4)
  2 water moccasins (D:7)
  A sky beast (D:7)
  2 ice beasts
  A black bear (D:6)
  4 ogres
  A centaur (D:7)
  4 phantoms
  A kobold brigand (D:7)
  A bullfrog (D:6)
  A gnoll sergeant (D:7)
  4 scorpions
  3 necrophages
  2 jellies
  A gnoll bouda (D:7)
  Crazy Yiuf (D:7)
  4 orc priests
  2 hounds (D:5)
  Jessica (D:2)
  2 iguanas (D:5)
  5 gnolls (D:7)
  7 adders
  2 shadow imps
  A white imp (D:7)
  An ufetubus (D:5)
  2 worms (D:2)
  2 dart slugs
  14 orcs
  7 ball pythons
  4 bats
  7 endoplasms
  6 giant cockroaches
  11 goblins
  7 hobgoblins
  A jackal (D:2)
  11 kobolds
  4 quokkas
  13 frilled lizards
  6 rats
152 creatures vanquished.

Vanquished Creatures (collateral kills)
  An orc (D:3)
  A goblin (D:4)
2 creatures vanquished.

Vanquished Creatures (others)
  4 fungi (D:7)
  7 plants (D:7)
11 creatures vanquished.

Grand Total: 165 creatures vanquished

Notes
Turn   | Place    | Note
-------+----------+-------------------------------------------
     0 | D:1      | CaptainMV the Demonspawn Gladiator began the quest for the
                  | Orb.
     0 | D:1      | Reached XP level 1. HP: 16/16 MP: 1/1
    31 | D:1      | Reached skill level 3 in Axes
    46 | D:1      | Gained mutation: Your touch may inflict minor irresistible
                  | damage on your foes. [demonic ancestry]
    46 | D:1      | Reached XP level 2. HP: 17/22 MP: 2/2
   205 | D:1      | Gained mutation: A weak demonic guardian rushes to your
                  | aid. [demonic ancestry]
   205 | D:1      | Reached XP level 3. HP: 25/27 MP: 3/3
   958 | D:2      | Gained mutation: When seriously injured, your blood forms
                  | armour. (AC +12) [demonic ancestry]
   958 | D:2      | Reached XP level 4. HP: 27/33 MP: 4/4
  1067 | D:2      | Reached skill level 1 in Armour
  1077 | D:2      | Noticed Jessica
  1080 | D:2      | Killed Jessica
  1081 | D:2      | Reached skill level 4 in Axes
  1356 | D:3      | Reached XP level 5. HP: 21/39 MP: 5/5
  1415 | D:3      | Found a faded altar of an unknown god.
  1497 | D:3      | Noticed Sigmund
  1509 | D:3      | Killed Sigmund
  1510 | D:3      | Reached skill level 5 in Axes
  1510 | D:3      | Reached XP level 6. HP: 39/46 MP: 6/6
  1767 | D:4      | Noticed a steam dragon
  1776 | D:4      | HP: 1/46 [steam dragon (6)]
  1780 | D:4      | Killed a steam dragon
  1781 | D:4      | Gained mutation: When seriously injured, your blood forms
                  | thick armour. (AC +12) [demonic ancestry]
  1781 | D:4      | Reached XP level 7. HP: 6/52 MP: 7/7
  1982 | D:4      | Found a snail-covered altar of Cheibriados.
  2078 | D:4      | Found a hide-covered altar of Uskayaw.
  2413 | D:5      | Entered Level 5 of the Dungeon
  2434 | D:5      | Reached skill level 6 in Axes
  2440 | D:5      | Reached skill level 1 in Stealth
  2610 | D:5      | Found a shimmering blue altar of Sif Muna.
  2672 | D:5      | Found a radiant altar of Vehumet.
  2832 | D:5      | You fall into a shaft and drop 1 floor!
  2838 | D:6      | Gained mutation: When seriously injured, your blood forms
                  | very thick armour. (AC +12) [demonic ancestry]
  2838 | D:6      | Reached XP level 8. HP: 40/60 MP: 8/8
  2859 | D:6      | Reached skill level 7 in Axes
  3070 | D:6      | Noticed Grinder
  3075 | D:6      | Paralysed by Grinder for 4 turns
  3081 | D:6      | Killed Grinder
  3157 | D:6      | Found a shimmering altar of Xom.
  3250 | D:6      | Reached skill level 8 in Axes
  3572 | D:7      | Gained mutation: You are partially covered in sharp spines.
                  | [demonic ancestry]
  3572 | D:7      | Reached XP level 9. HP: 18/67 MP: 9/9
  3575 | D:7      | Reached skill level 5 in Fighting
  3648 | D:7      | Found a bloodstained altar of Trog.
  3676 | D:7      | Reached skill level 9 in Axes
  3849 | D:7      | Found a runed translucent door.
  3850 | D:7      | Noticed Crazy Yiuf
  3950 | D:7      | Killed Crazy Yiuf
  4124 | D:7      | Found a staircase to the Ecumenical Temple.
  4133 | Temple   | Entered the Ecumenical Temple
  4277 | Temple   | Became a worshipper of the Wu Jian Council
  4400 | D:8      | Noticed a moth of wrath
  4401 | D:8      | Noticed opiumtea's ghost (journeyman GrEE)
  4403 | D:8      | Found a transporter.
  4407 | D:8      | Found a transporter.
  4411 | D:8      | Noticed a two-headed ogre
  4412 | D:8      | Found a bloodstained altar of Trog.
  4481 | D:8      | Mangled by an ogre

Illustrated notes

Levels and vault maps discovered:
D:1:      amcnicky_arrival_blooded_trapdoor, layout_loops_ring,
          minmay_tromino_v7
D:2:      minmay_angry_zag, layout_basic, serial_shops, nicolae_lakefront_shop,
          kennysheep_jessica_study
D:3:      layout_rooms, shapermc_ecumenical_altar_mp_vishouse, uniq_sigmund
D:4:      layout_basic, lemuel_doored_altar, nicolae_uskayaw_suspiria
D:5:      layout_basic, mainiacjoe_overflow_tiny_flanked, lemuel_tele_altar,
          serial_shops, nicolae_shop_crystal
D:6:      nicolae_cairo_tiling, layout_rooms, mainiacjoe_overflow_alcove_2,
          hangedman_decor_diamond_cutter, hangedman_decor_riveting, uniq_grinder
D:7:      layout_cave_pools, old_standard_altar, lemuel_temple_firewalk_b,
          nicolae_grassy_gnolls, uniq_crazy_yiuf_cottage
D:8:      layout_rooms, gammafunk_ghost_wrathful_warriors
Temple:   nicolae_temple_great_sept

Skill      XL: |  1  2  3  4  5  6  7  8  9 |
---------------+----------------------------+-----
Axes           | 3 4 5 6 8 9 |  9.6
Dodging        | 3 |  3.9
Armour         | 1 2 3 4 |  4.6
Throwing       | 2 |  2.5
Fighting       | 3 4 5 |  5.5
Stealth        | 1 |  1.9

Action                   |  1- 3 |  4- 6 |  7- 9 || total
-------------------------+-------+-------+-------++-------
Melee: War axe           |    77 |    81 |   205 ||   363
       Touch             |    13 |    12 |    40 ||    65
       Dagger            |     4 |       |       ||     4
       Punch             |       |     2 |     2 ||     4
Throw: Dart              |     1 |     5 |    12 ||    18
Invok: Lunge             |       |       |     1 ||     1
  Use: Scroll            |     6 |     1 |     2 ||     9
       Potion            |       |     2 |     2 ||     4
 Stab: Sleeping          |     3 |       |       ||     3
       Distracted        |       |     2 |     2 ||     4
       Invisible         |       |       |     1 ||     1
Armor: Leather armour    |    30 |    19 |       ||    49
       Scale mail        |       |    18 |    23 ||    41
       Plate armour      |       |       |   158 ||   158
Dodge: Dodged            |    58 |    52 |    88 ||   198
